Heat vs Phantoms

Created - Friday, November 14, 2014 at 22:40

Goals
1 2 3 T
Heat 1 1 0 2
Phantoms 0 0 1 1
Shots
1 2 3 T
Heat 6 14 6 26
Phantoms 11 2 10 23

1st period

1. Heat , Riley Sheahan 15 (Frank Corrado, Tim Erixon) at 16:48

Penalties :
Frank Corrado (ABB) for Hooking (Minor) at 5:53, Harri Pesonen (ADR) for Hooking (Minor) at 16:59

2nd period

2. Heat , Riley Sheahan 16 (Richard Panik, Jon Merrill) at 19:25 (PP)

Penalties :
Harri Pesonen (ADR) for Hooking (Minor) at 14:21, Zack FitzGerald (ADR) for Hooking (Minor) at 18:52

3rd period

3. Phantoms , Garrett Wilson 3 (Mark Van Guilder) at 4:20

Penalties :
Garrett Wilson (ADR) for Tripping (Minor) at 0:27

Goalie Stats

Eddie Pasquale (ABB), 22 saves from 23 shots - (0.957), W, 12-1-1, 60:00 minutes
Marek Mazanec (ADR), 24 saves from 26 shots - (0.923), L, 1-1-1, 59:39 minutes

Players Stats for Heat

Player Name              G  A  P  +/- PIM S  H  SB GA TA FO     MP     PP MP  PK MP  
------------------------------------------------------------------------------------
Devante Smith-Pelly      0  0  0   1  0   3  1  0  1  1  0/0    18:02   3:39   0:00 
Filip Forsberg           0  0  0   0  0   1  0  0  5  0  0/0    12:11   0:00   0:00 
Frank Corrado            0  1  1  -1  2   3  0  2  0  2  0/0    15:12   0:00   0:00 
Jon Merrill              0  1  1   0  0   2  1  2  0  3  0/0    24:02   4:01   0:42 
Jordan Caron             0  0  0   0  0   1  2  0  2  1  0/1    12:21   0:00   0:56 
Michael Latta            0  0  0   0  0   0  3  0  1  0  3/5    14:01   0:00   0:56 
Nikita Kucherov          0  0  0   0  0   0  1  0  0  0  0/0    12:11   0:00   0:00 
Richard Panik            0  1  1   1  0   1  3  0  0  0  0/3    18:02   3:39   0:00 
Rickard Rakell           0  0  0  -1  0   0  2  1  1  0  8/11   16:22   2:51   0:00 
Riley Sheahan            2  0  2   1  0   6  0  0  4  0  10/15  18:02   3:39   0:00 
Sami Vatanen             0  0  0   1  0   1  3  1  0  2  0/0    19:02   2:29   0:00 
Sergei Gonchar           0  0  0   0  0   2  5  1  1  0  0/0    22:51   2:29   0:42 
Stuart Percy             0  0  0   1  0   0  1  0  1  4  0/0    17:42   0:00   1:17 
Sven Baertschi           0  0  0  -1  0   1  1  0  1  1  0/0    16:22   2:51   0:00 
Taylor Beck              0  0  0   0  0   1  0  0  0  2  0/0    12:28   0:00   1:03 
Tim Erixon               0  1  1  -1  0   2  2  1  0  0  0/0    21:08   4:01   1:17 
Tomas Fleischmann        0  0  0  -1  0   2  2  0  3  1  0/0    16:22   2:51   0:00 
Victor Rask              0  0  0   0  0   0  1  1  0  0  2/5    11:34   0:00   1:03 

Players Stats for Phantoms

Player Name              G  A  P  +/- PIM S  H  SB GA TA FO     MP     PP MP  PK MP  
------------------------------------------------------------------------------------
Adam Lowry               0  0  0   0  0   3  1  0  1  0  5/9     9:16   0:52   1:37 
Bryan Lerg               0  0  0   0  0   0  0  0  1  1  1/2    20:22   0:52   4:31 
Chris Langkow            0  0  0  -1  0   1  0  0  2  0  4/10   17:26   0:00   0:59 
Denver Manderson         0  0  0  -1  0   1  0  0  3  0  0/0    16:35   0:00   0:00 
Farm Player34            0  0  0   0  0   1  0  0  0  0  0/3    13:45   0:00   2:15 
Garnet Exelby            0  0  0   0  0   3  0  0  0  1  0/0    24:06   0:41   4:06 
Garrett Wilson           1  0  1   1  2   2  3  0  3  1  0/2    18:59   1:07   1:10 
Greg Zanon               0  0  0   0  0   1  0  1  0  0  0/0    24:06   0:41   4:06 
Harri Pesonen            0  0  0   0  4   1  3  1  3  0  1/2    16:56   0:52   0:00 
Jerome Gauthier-Leduc    0  0  0   0  0   1  0  0  0  2  0/0    19:33   1:18   2:24 
Jonathan Hazen           0  0  0  -1  0   1  0  0  0  0  0/0    12:06   0:00   0:00 
Josh Lunden              0  0  0   0  0   1  2  0  1  1  0/2    13:38   0:00   2:04 
Keegan Lowe              0  0  0   0  0   1  2  0  0  2  0/0    16:20   0:00   0:00 
Mark Van Guilder         0  1  1   1  0   1  0  1  2  1  5/8    18:04   1:07   0:24 
Martin Gernat            0  0  0   0  0   2  1  1  3  0  0/0    19:33   1:18   2:24 
Steve MacIntyre          0  0  0   0  0   0  0  0  0  0  0/0     0:00   0:00   0:00 
Zack FitzGerald          0  0  0   0  2   0  1  0  1  1  0/0    16:19   0:00   0:00 
Zack Stortini            0  0  0   1  0   3  1  0  1  0  1/2    16:17   1:07   0:00 

3 Stars

1 - Riley Sheahan (ABB)
2 - Eddie Pasquale (ABB)
3 - Garrett Wilson (ADR)

Power Play

Heat - 1 on 4 Attempt(s) - 25.00%
Phantoms - 0 on 1 Attempt(s) - 0.00%

Penalty Kill

Heat - 1 on 1 Attempt(s) - 100.00% - Score 0 goal in Penalty Kill
Phantoms - 3 on 4 Attempt(s) - 75.00% - Score 0 goal in Penalty Kill

Official

Referees : Unknown
Linesman : Unknown

Game Notes

Adam Lowry is injured at 4:58 of 2nd period (Groin)

Finance

Level 1 -- Attendance: 1426 (71.30%) -- Ticket Income $31,372
Level 2 -- Attendance: 683 (68.30%) -- Ticket Income $6,830
Total Attendance: 2109 (70.30%)
Total Ticket Income: $38,202
Other Income: $18,719
Total Income: $56,921

Heat

5 vs 5 Forward 
   Center                   Left Wing                Right Wing               Time % Phy DF OF 
 1 Riley Sheahan            Richard Panik            Devante Smith-Pelly      35     1   2  2  
 2 Rickard Rakell           Tomas Fleischmann        Sven Baertschi           30     1   2  2  
 3 Michael Latta            Filip Forsberg           Nikita Kucherov          22     1   2  2  
 4 Victor Rask              Jordan Caron             Taylor Beck              13     1   2  2  

5 vs 5 Defense 
   Defense                  Defense                                           Time % Phy DF OF 
 1 Sergei Gonchar           Jon Merrill                                       35     1   2  2  
 2 Tim Erixon               Frank Corrado                                     30     1   2  2  
 3 Stuart Percy             Sami Vatanen                                      25     1   2  2  
 4 Jon Merrill              Sergei Gonchar                                    10     1   2  2  

PowerPlay Forward 
   Center                   Left Wing                Right Wing               Time % Phy DF OF 
 1 Riley Sheahan            Richard Panik            Devante Smith-Pelly      50     1   2  2  
 2 Rickard Rakell           Tomas Fleischmann        Sven Baertschi           50     1   2  2  

PowerPlay Defense
   Defense                  Defense                                           Time % Phy DF OF 
 1 Sergei Gonchar           Sami Vatanen                                      50     1   2  2  
 2 Tim Erixon               Jon Merrill                                       50     1   2  2  

Penalty Kill 4 Players Forward 
   Center                   Wing                     Time % Phy DF OF 
 1 Michael Latta            Jordan Caron             50     1   2  2  
 2 Victor Rask              Taylor Beck              50     1   2  2  

Penalty Kill 4 Players Defense
   Defense                  Defense                  Time % Phy DF OF 
 1 Sergei Gonchar           Jon Merrill              50     1   2  2  
 2 Stuart Percy             Frank Corrado            50     1   2  2  

Penalty Kill - 3 Players Forward 
   Forward                                           Time % Phy DF OF 
 1 Michael Latta                                     50     1   2  2  
 2 Victor Rask                                       50     1   2  2  

Penalty Kill - 3 Players Defense
   Defense                  Defense                  Time % Phy DF OF 
 1 Sergei Gonchar           Jon Merrill              50     1   2  2  
 2 Stuart Percy             Frank Corrado            50     1   2  2  

4 vs 4 Forward 
   Center                   Wing                     Time % Phy DF OF 
 1 Riley Sheahan            Tomas Fleischmann        50     1   2  2  
 2 Rickard Rakell           Devante Smith-Pelly      50     1   2  2  

4 vs 4 Defense
   Defense                  Defense                  Time % Phy DF OF 
 1 Sergei Gonchar           Jon Merrill              50     1   2  2  
 2 Tim Erixon               Sami Vatanen             50     1   2  2  

Last Minutes Offensive
   Center                   Left Wing                Right Wing               Defense                  Defense                  
   Riley Sheahan            Tomas Fleischmann        Devante Smith-Pelly      Sergei Gonchar           Sami Vatanen             

Last Minutes Defensive
   Center                   Left Wing                Right Wing               Defense                  Defense                  
   Michael Latta            Jordan Caron             Taylor Beck              Jon Merrill              Frank Corrado            

Goaltenders
Starting : Eddie Pasquale           
Backup : Calvin Pickard           

Extra Forwards
Normal : Taylor Beck, Richard Panik, Jordan Caron - PP : Taylor Beck, Riley Sheahan - PK : Jordan Caron
Extra Defensemen
Normal : Sergei Gonchar, Frank Corrado, Stuart Percy - PP : Frank Corrado - PK : Tim Erixon, Sami Vatanen
Penalty Shots
Nikita Kucherov, Riley Sheahan, Devante Smith-Pelly, Tomas Fleischmann, Sven Baertschi

Phantoms

5 vs 5 Forward 
   Center                   Left Wing                Right Wing               Time % Phy DF OF 
 1 Adam Lowry               Bryan Lerg               Harri Pesonen            35     1   2  2  
 2 Mark Van Guilder         Garrett Wilson           Zack Stortini            30     1   2  2  
 3 Chris Langkow            Denver Manderson         Jonathan Hazen           22     1   2  2  
 4 Adam Lowry               Josh Lunden              Farm Player34            13     1   2  2  

5 vs 5 Defense 
   Defense                  Defense                                           Time % Phy DF OF 
 1 Garnet Exelby            Greg Zanon                                        35     1   2  2  
 2 Martin Gernat            Jerome Gauthier-Leduc                             30     1   2  2  
 3 Keegan Lowe              Zack FitzGerald                                   22     1   2  2  
 4 Greg Zanon               Garnet Exelby                                     13     1   2  2  

PowerPlay Forward 
   Center                   Left Wing                Right Wing               Time % Phy DF OF 
 1 Adam Lowry               Bryan Lerg               Harri Pesonen            60     1   2  2  
 2 Mark Van Guilder         Garrett Wilson           Zack Stortini            40     1   2  2  

PowerPlay Defense
   Defense                  Defense                                           Time % Phy DF OF 
 1 Garnet Exelby            Greg Zanon                                        60     1   2  2  
 2 Martin Gernat            Jerome Gauthier-Leduc                             40     1   2  2  

Penalty Kill 4 Players Forward 
   Center                   Wing                     Time % Phy DF OF 
 1 Adam Lowry               Bryan Lerg               60     1   2  2  
 2 Harri Pesonen            Garrett Wilson           40     1   2  2  

Penalty Kill 4 Players Defense
   Defense                  Defense                  Time % Phy DF OF 
 1 Garnet Exelby            Greg Zanon               60     1   2  2  
 2 Martin Gernat            Jerome Gauthier-Leduc    40     1   2  2  

Penalty Kill - 3 Players Forward 
   Forward                                           Time % Phy DF OF 
 1 Adam Lowry                                        60     1   2  2  
 2 Bryan Lerg                                        40     1   2  2  

Penalty Kill - 3 Players Defense
   Defense                  Defense                  Time % Phy DF OF 
 1 Garnet Exelby            Greg Zanon               60     1   2  2  
 2 Martin Gernat            Jerome Gauthier-Leduc    40     1   2  2  

4 vs 4 Forward 
   Center                   Wing                     Time % Phy DF OF 
 1 Adam Lowry               Bryan Lerg               60     1   2  2  
 2 Harri Pesonen            Garrett Wilson           40     1   2  2  

4 vs 4 Defense
   Defense                  Defense                  Time % Phy DF OF 
 1 Garnet Exelby            Greg Zanon               60     1   2  2  
 2 Martin Gernat            Jerome Gauthier-Leduc    40     1   2  2  

Last Minutes Offensive
   Center                   Left Wing                Right Wing               Defense                  Defense                  
   Adam Lowry               Bryan Lerg               Harri Pesonen            Garnet Exelby            Greg Zanon               

Last Minutes Defensive
   Center                   Left Wing                Right Wing               Defense                  Defense                  
   Adam Lowry               Bryan Lerg               Harri Pesonen            Garnet Exelby            Greg Zanon               

Goaltenders
Starting : Marek Mazanec            
Backup : Johan Hedberg            

Extra Forwards
Normal : Chris Langkow, Denver Manderson, Josh Lunden - PP : Chris Langkow, Denver Manderson - PK : Josh Lunden
Extra Defensemen
Normal : Keegan Lowe, Zack FitzGerald, Farm Player34 - PP : Keegan Lowe - PK : Zack FitzGerald, Farm Player34
Penalty Shots
Adam Lowry, Bryan Lerg, Harri Pesonen, Garrett Wilson, Zack Stortini

% Time on Ice - Heat

Lines # - Real PCT - Wanted PCT - Time Play
Normal Forward
1 - 28% - 35% - 14:23
2 - 27% - 30% - 13:31
3 - 24% - 22% - 12:12
4 - 21% - 13% - 10:31
Normal Defense
1 - 34% - 35% - 17:06
2 - 30% - 30% - 15:26
3 - 31% - 25% - 15:31
4 - 5% - 10% - 2:34
PP Forward
1 - 56% - 50% - 3:39
2 - 44% - 50% - 2:51
PP Defense
1 - 38% - 50% - 2:29
2 - 62% - 50% - 4:01
PK Forward
1 - 47% - 50% - 0:56
2 - 53% - 50% - 1:03
PK Defense
1 - 35% - 50% - 0:42
2 - 65% - 50% - 1:17
PK3 Forward
1 - 0% - 50%
2 - 0% - 50%
PK3 Defense
1 - 0% - 50%
2 - 0% - 50%
44 Forward
1 - 0% - 50%
2 - 0% - 50%
44 Defense
1 - 0% - 50%
2 - 0% - 50%
Last Minute Offensive  - 0:00
Last Minute Defensive  - 0:54
Total
Forward - 60:00
Defense - 60:00

% Time on Ice - Phantoms

Lines # - Real PCT - Wanted PCT - Time Play
Normal Forward
1 - 33% - 35% - 16:54
2 - 28% - 30% - 14:24
3 - 24% - 22% - 12:06
4 - 14% - 13% - 7:21
Normal Defense
1 - 31% - 35% - 15:59
2 - 31% - 30% - 15:51
3 - 32% - 22% - 16:21
4 - 5% - 13% - 2:34
PP Forward
1 - 44% - 60% - 0:52
2 - 56% - 40% - 1:07
PP Defense
1 - 34% - 60% - 0:41
2 - 66% - 40% - 1:18
PK Forward
1 - 95% - 60% - 6:10
2 - 5% - 40% - 0:20
PK Defense
1 - 63% - 60% - 4:06
2 - 37% - 40% - 2:24
PK3 Forward
1 - 0% - 60%
2 - 0% - 40%
PK3 Defense
1 - 0% - 60%
2 - 0% - 40%
44 Forward
1 - 0% - 60%
2 - 0% - 40%
44 Defense
1 - 0% - 60%
2 - 0% - 40%
Last Minute Offensive  - 0:46
Last Minute Defensive  - 0:00
Total
Forward - 60:00
Defense - 60:00

Play by Play

1st period


0:01 of 1st period - Adam Lowry wins face-off versus Richard Panik in neutral zone.
0:03 of 1st period - Off-side.
0:04 of 1st period - Adam Lowry wins face-off versus Riley Sheahan in neutral zone.
0:15 of 1st period - Snap shot by Bryan Lerg.
0:15 of 1st period - Shot Misses the Net.
0:17 of 1st period - Snap shot by Adam Lowry.
0:17 of 1st period - Stopped by Eddie Pasquale with a rebound.
0:19 of 1st period - Slapshot by Greg Zanon.
0:19 of 1st period - Deflect By Adam Lowry.
0:19 of 1st period - Stopped by Eddie Pasquale without a rebound.
0:20 of 1st period - Riley Sheahan wins face-off versus Adam Lowry in Heat zone.
0:33 of 1st period - Snap shot by Devante Smith-Pelly.
0:33 of 1st period - Shot Misses the Net.
1:15 of 1st period - Tomas Fleischmann is hit by Zack Stortini.
1:56 of 1st period - Slapshot by Sami Vatanen.
1:56 of 1st period - Stopped by Marek Mazanec with a rebound.
2:20 of 1st period - Jonathan Hazen is hit by Michael Latta and loses puck.
2:47 of 1st period - Slapshot by Chris Langkow.
2:47 of 1st period - Shot Blocked by Frank Corrado.
2:59 of 1st period - Icing by Martin Gernat.
3:00 of 1st period - Riley Sheahan wins face-off versus Chris Langkow in Phantoms zone.
3:47 of 1st period - Snap shot by Adam Lowry.
3:47 of 1st period - Stopped by Eddie Pasquale with a rebound.
3:49 of 1st period - Snap shot by Keegan Lowe.
3:49 of 1st period - Stopped by Eddie Pasquale with a rebound.
3:51 of 1st period - Wrist shot by Martin Gernat.
3:51 of 1st period - Shot Misses the Net.
3:53 of 1st period - Snap shot by Josh Lunden.
3:53 of 1st period - Shot Misses the Net.
3:55 of 1st period - Wrist shot by Josh Lunden.
3:55 of 1st period - Shot Misses the Net.
4:15 of 1st period - Bryan Lerg is hit by Tomas Fleischmann and loses puck.
4:46 of 1st period - Backhand shot by Sami Vatanen.
4:46 of 1st period - Deflect By Taylor Beck.
4:46 of 1st period - Shot Blocked by Mark Van Guilder.
4:46 of 1st period - Puck is out of play.
4:47 of 1st period - Zack Stortini wins face-off versus Jordan Caron in Phantoms zone.
5:39 of 1st period - Harri Pesonen is hit by Nikita Kucherov and loses puck.
5:53 of 1st period - Minor Penalty to Frank Corrado for Hooking.
5:54 of 1st period - Mark Van Guilder wins face-off versus Michael Latta in Heat zone.
6:19 of 1st period - Slapshot by Mark Van Guilder.
6:19 of 1st period - Shot Blocked by Tim Erixon.
6:21 of 1st period - Snap shot by Martin Gernat.
6:21 of 1st period - Deflect By Zack Stortini.
6:21 of 1st period - Shot Misses the Net.
6:21 of 1st period - Puck is out of play.
6:22 of 1st period - Victor Rask wins face-off versus Adam Lowry in Heat zone.
6:39 of 1st period - Snap shot by Adam Lowry.
6:39 of 1st period - Shot Blocked by Sergei Gonchar.
6:41 of 1st period - Snap shot by Harri Pesonen.
6:41 of 1st period - Shot Misses the Net.
6:59 of 1st period - Slapshot by Garnet Exelby.
6:59 of 1st period - Stopped by Eddie Pasquale with a rebound.
7:01 of 1st period - Slapshot by Greg Zanon.
7:01 of 1st period - Stopped by Eddie Pasquale with a rebound.
7:03 of 1st period - Wrist shot by Zack Stortini.
7:03 of 1st period - Stopped by Eddie Pasquale without a rebound.
7:04 of 1st period - Michael Latta wins face-off versus Zack Stortini in Heat zone.
7:04 of 1st period - Michael Latta is hit by Garrett Wilson.
7:53 of 1st period - Penalty to Frank Corrado is over, Frank Corrado is back on ice.
8:24 of 1st period - Slapshot by Chris Langkow.
8:24 of 1st period - Shot Misses the Net.
8:26 of 1st period - Wrist shot by Jonathan Hazen.
8:26 of 1st period - Stopped by Eddie Pasquale with a rebound.
8:56 of 1st period - Tomas Fleischmann is hit by Adam Lowry and loses puck.
9:01 of 1st period - Snap shot by Adam Lowry.
9:01 of 1st period - Shot Blocked by Rickard Rakell.
9:03 of 1st period - Snap shot by Josh Lunden.
9:03 of 1st period - Stopped by Eddie Pasquale with a rebound.
9:05 of 1st period - Slapshot by Garnet Exelby.
9:05 of 1st period - Deflect By Tomas Fleischmann.
9:05 of 1st period - Stopped by Eddie Pasquale without a rebound.
9:06 of 1st period - Rickard Rakell wins face-off versus Josh Lunden in Heat zone.
10:25 of 1st period - Harri Pesonen is hit by Sergei Gonchar and loses puck.
10:32 of 1st period - Snap shot by Taylor Beck.
10:32 of 1st period - Shot Blocked by Harri Pesonen.
10:34 of 1st period - Slapshot by Jordan Caron.
10:34 of 1st period - Stopped by Marek Mazanec without a rebound.
10:35 of 1st period - Victor Rask wins face-off versus Adam Lowry in Phantoms zone.
11:02 of 1st period - Garrett Wilson is hit by Jordan Caron and loses puck.
11:43 of 1st period - Slapshot by Sami Vatanen.
11:43 of 1st period - Shot Blocked by Greg Zanon.
12:25 of 1st period - Wrist shot by Harri Pesonen.
12:25 of 1st period - Stopped by Eddie Pasquale with a rebound.
12:39 of 1st period - Nikita Kucherov is hit by Harri Pesonen and loses puck.
12:58 of 1st period - Snap shot by Filip Forsberg.
12:58 of 1st period - Shot Misses the Net.
13:00 of 1st period - Slapshot by Sergei Gonchar.
13:00 of 1st period - Stopped by Marek Mazanec without a rebound.
13:01 of 1st period - Mark Van Guilder wins face-off versus Victor Rask in Phantoms zone.
13:10 of 1st period - Garrett Wilson is hit by Jordan Caron and loses puck.
13:17 of 1st period - Snap shot by Jordan Caron.
13:17 of 1st period - Shot Misses the Net.
13:39 of 1st period - Keegan Lowe is hit by Victor Rask and loses puck.
15:46 of 1st period - Jonathan Hazen is hit by Rickard Rakell and loses puck.
16:44 of 1st period - Snap shot by Riley Sheahan.
16:44 of 1st period - Stopped by Marek Mazanec with a rebound.
16:46 of 1st period - Slapshot by Frank Corrado.
16:46 of 1st period - Stopped by Marek Mazanec with a rebound.
16:48 of 1st period - Slapshot by Frank Corrado.
16:48 of 1st period - Deflect By Riley Sheahan.
16:48 of 1st period - Goal by Riley Sheahan - Heat : 1 - Phantoms : 0.
16:49 of 1st period - Rickard Rakell wins face-off versus Adam Lowry in neutral zone.
16:52 of 1st period - Wrist shot by Sami Vatanen.
16:52 of 1st period - Shot Misses the Net.
16:59 of 1st period - Minor Penalty to Harri Pesonen for Hooking.
17:00 of 1st period - Bryan Lerg wins face-off versus Richard Panik in Phantoms zone.
17:29 of 1st period - Icing by Devante Smith-Pelly.
17:30 of 1st period - Adam Lowry wins face-off versus Richard Panik in Heat zone.
18:07 of 1st period - Martin Gernat is hit by Sergei Gonchar.
18:59 of 1st period - Penalty to Harri Pesonen is over, Harri Pesonen is back on ice.
19:08 of 1st period - Harri Pesonen is hit by Jon Merrill and loses puck.
19:21 of 1st period - Wrist shot by Josh Lunden.
19:21 of 1st period - Shot Misses the Net.
Goals for this period are 1 for Heat vs 0 for Phantoms.
Shots for this period are 6 for Heat vs 11 for Phantoms.

2nd period


0:01 of 2nd period - Adam Lowry wins face-off versus Riley Sheahan in neutral zone.
0:37 of 2nd period - Wrist shot by Devante Smith-Pelly.
0:37 of 2nd period - Deflect By Richard Panik.
0:37 of 2nd period - Stopped by Marek Mazanec without a rebound.
0:38 of 2nd period - Rickard Rakell wins face-off versus Mark Van Guilder in Phantoms zone.
0:47 of 2nd period - Snap shot by Tomas Fleischmann.
0:47 of 2nd period - Stopped by Marek Mazanec with a rebound.
1:09 of 2nd period - Off-side.
1:10 of 2nd period - Michael Latta wins face-off versus Chris Langkow in neutral zone.
1:17 of 2nd period - Wrist shot by Filip Forsberg.
1:17 of 2nd period - Stopped by Marek Mazanec with a rebound.
1:29 of 2nd period - Snap shot by Nikita Kucherov.
1:29 of 2nd period - Shot Misses the Net.
1:31 of 2nd period - Wrist shot by Michael Latta.
1:31 of 2nd period - Shot Misses the Net.
1:33 of 2nd period - Slapshot by Jon Merrill.
1:33 of 2nd period - Deflect By Garnet Exelby.
1:33 of 2nd period - Stopped by Marek Mazanec with a rebound.
2:24 of 2nd period - Jonathan Hazen is hit by Devante Smith-Pelly and loses puck.
2:38 of 2nd period - Off-side.
2:39 of 2nd period - Rickard Rakell wins face-off versus Bryan Lerg in neutral zone.
2:41 of 2nd period - Off-side.
2:42 of 2nd period - Adam Lowry wins face-off versus Rickard Rakell in neutral zone.
3:35 of 2nd period - Nikita Kucherov is hit by Garrett Wilson and loses puck.
3:48 of 2nd period - Garnet Exelby is hit by Michael Latta.
3:49 of 2nd period - Icing by Garnet Exelby.
3:50 of 2nd period - Riley Sheahan wins face-off versus Mark Van Guilder in Phantoms zone.
4:37 of 2nd period - Slapshot by Garnet Exelby.
4:37 of 2nd period - Shot Misses the Net.
4:57 of 2nd period - Adam Lowry is hit by Sami Vatanen and loses puck.
4:58 of 2nd period - Adam Lowry from Phantoms is injured at 4:58 of 2nd period (Groin).
4:59 of 2nd period - Riley Sheahan wins face-off versus Chris Langkow in Phantoms zone.
7:19 of 2nd period - Bryan Lerg is hit by Stuart Percy and loses puck.
7:40 of 2nd period - Snap shot by Taylor Beck.
7:40 of 2nd period - Stopped by Marek Mazanec with a rebound.
7:42 of 2nd period - Wrist shot by Victor Rask.
7:42 of 2nd period - Shot Misses the Net.
7:44 of 2nd period - Snap shot by Tim Erixon.
7:44 of 2nd period - Shot Misses the Net.
7:46 of 2nd period - Slapshot by Frank Corrado.
7:46 of 2nd period - Deflect By Bryan Lerg.
7:46 of 2nd period - Stopped by Marek Mazanec with a rebound.
8:10 of 2nd period - Wrist shot by Devante Smith-Pelly.
8:10 of 2nd period - Stopped by Marek Mazanec with a rebound.
8:12 of 2nd period - Snap shot by Devante Smith-Pelly.
8:12 of 2nd period - Shot Misses the Net.
8:14 of 2nd period - Slapshot by Sergei Gonchar.
8:14 of 2nd period - Stopped by Marek Mazanec with a rebound.
9:26 of 2nd period - Jordan Caron is hit by Keegan Lowe and loses puck.
9:33 of 2nd period - Snap shot by Mark Van Guilder.
9:33 of 2nd period - Shot Misses the Net.
9:35 of 2nd period - Snap shot by Mark Van Guilder.
9:35 of 2nd period - Shot Misses the Net.
9:37 of 2nd period - Slapshot by Garnet Exelby.
9:37 of 2nd period - Stopped by Eddie Pasquale with a rebound.
9:39 of 2nd period - Slapshot by Greg Zanon.
9:39 of 2nd period - Shot Misses the Net.
9:41 of 2nd period - Wrist shot by Garnet Exelby.
9:41 of 2nd period - Deflect By Zack Stortini.
9:41 of 2nd period - Stopped by Eddie Pasquale with a rebound.
9:43 of 2nd period - Wrist shot by Zack Stortini.
9:43 of 2nd period - Shot Blocked by Victor Rask.
10:04 of 2nd period - Icing by Sami Vatanen.
10:05 of 2nd period - Chris Langkow wins face-off versus Victor Rask in Heat zone.
10:35 of 2nd period - Wrist shot by Chris Langkow.
10:35 of 2nd period - Shot Blocked by Sami Vatanen.
11:39 of 2nd period - Keegan Lowe is hit by Sven Baertschi and loses puck.
12:36 of 2nd period - Slapshot by Nikita Kucherov.
12:36 of 2nd period - Shot Misses the Net.
13:18 of 2nd period - Tim Erixon is hit by Zack FitzGerald and loses puck.
13:31 of 2nd period - Bryan Lerg is hit by Sergei Gonchar and loses puck.
13:38 of 2nd period - Rickard Rakell is hit by Harri Pesonen and loses puck.
13:56 of 2nd period - Icing by Denver Manderson.
13:57 of 2nd period - Michael Latta wins face-off versus Garrett Wilson in Phantoms zone.
14:21 of 2nd period - Minor Penalty to Harri Pesonen for Hooking.
14:22 of 2nd period - Riley Sheahan wins face-off versus Chris Langkow in Phantoms zone.
14:23 of 2nd period - Slapshot by Richard Panik.
14:23 of 2nd period - Shot Misses the Net.
15:11 of 2nd period - Greg Zanon is hit by Sami Vatanen and loses puck.
15:38 of 2nd period - Greg Zanon is hit by Tim Erixon and loses puck.
16:21 of 2nd period - Penalty to Harri Pesonen is over, Harri Pesonen is back on ice.
16:25 of 2nd period - Chris Langkow is hit by Richard Panik and loses puck.
16:43 of 2nd period - Martin Gernat is hit by Michael Latta and loses puck.
17:06 of 2nd period - Slapshot by Nikita Kucherov.
17:06 of 2nd period - Shot Misses the Net.
17:28 of 2nd period - Icing by Mark Van Guilder.
17:29 of 2nd period - Mark Van Guilder wins face-off versus Victor Rask in Phantoms zone.
18:52 of 2nd period - Minor Penalty to Zack FitzGerald for Hooking.
18:53 of 2nd period - Riley Sheahan wins face-off versus Farm Player34 in Phantoms zone.
18:56 of 2nd period - Slapshot by Riley Sheahan.
18:56 of 2nd period - Shot Misses the Net.
18:58 of 2nd period - Slapshot by Tim Erixon.
18:58 of 2nd period - Stopped by Marek Mazanec without a rebound.
18:59 of 2nd period - Riley Sheahan wins face-off versus Farm Player34 in Phantoms zone.
19:02 of 2nd period - Wrist shot by Devante Smith-Pelly.
19:02 of 2nd period - Stopped by Marek Mazanec with a rebound.
19:04 of 2nd period - Slapshot by Devante Smith-Pelly.
19:04 of 2nd period - Stopped by Marek Mazanec without a rebound.
19:05 of 2nd period - Riley Sheahan wins face-off versus Farm Player34 in Phantoms zone.
19:19 of 2nd period - Snap shot by Riley Sheahan.
19:19 of 2nd period - Stopped by Marek Mazanec with a rebound.
19:21 of 2nd period - Snap shot by Jon Merrill.
19:21 of 2nd period - Stopped by Marek Mazanec with a rebound.
19:23 of 2nd period - Snap shot by Richard Panik.
19:23 of 2nd period - Shot Misses the Net.
19:25 of 2nd period - Snap shot by Riley Sheahan.
19:25 of 2nd period - Goal by Riley Sheahan - Heat : 2 - Phantoms : 0.
19:26 of 2nd period - Chris Langkow wins face-off versus Riley Sheahan in neutral zone.
19:59 of 2nd period - Slapshot by Devante Smith-Pelly.
19:59 of 2nd period - Deflect By Denver Manderson.
19:59 of 2nd period - Shot Misses the Net.
19:59 of 2nd period - Puck is out of play.
Goals for this period are 1 for Heat vs 0 for Phantoms.
Shots for this period are 14 for Heat vs 2 for Phantoms.

3rd period


0:01 of 3rd period - Chris Langkow wins face-off versus Riley Sheahan in neutral zone.
0:22 of 3rd period - Slapshot by Riley Sheahan.
0:22 of 3rd period - Stopped by Marek Mazanec without a rebound.
0:23 of 3rd period - Rickard Rakell wins face-off versus Mark Van Guilder in Phantoms zone.
0:27 of 3rd period - Minor Penalty to Garrett Wilson for Tripping.
0:28 of 3rd period - Rickard Rakell wins face-off versus Josh Lunden in Phantoms zone.
1:38 of 3rd period - Wrist shot by Bryan Lerg.
1:38 of 3rd period - Shot Blocked by Jon Merrill.
1:40 of 3rd period - Snap shot by Farm Player34.
1:40 of 3rd period - Stopped by Eddie Pasquale with a rebound.
2:27 of 3rd period - Penalty to Garrett Wilson is over, Garrett Wilson is back on ice.
2:45 of 3rd period - Sami Vatanen is hit by Garrett Wilson and loses puck.
3:08 of 3rd period - Snap shot by Nikita Kucherov.
3:08 of 3rd period - Shot Misses the Net.
4:08 of 3rd period - Snap shot by Mark Van Guilder.
4:08 of 3rd period - Stopped by Eddie Pasquale with a rebound.
4:10 of 3rd period - Wrist shot by Martin Gernat.
4:10 of 3rd period - Stopped by Eddie Pasquale with a rebound.
4:12 of 3rd period - Snap shot by Mark Van Guilder.
4:12 of 3rd period - Shot Misses the Net.
4:14 of 3rd period - Backhand shot by Martin Gernat.
4:14 of 3rd period - Stopped by Eddie Pasquale with a rebound.
4:16 of 3rd period - Slapshot by Jerome Gauthier-Leduc.
4:16 of 3rd period - Stopped by Eddie Pasquale without a rebound.
4:17 of 3rd period - Mark Van Guilder wins face-off versus Rickard Rakell in Heat zone.
4:20 of 3rd period - Slapshot by Garrett Wilson.
4:20 of 3rd period - Goal by Garrett Wilson - Heat : 2 - Phantoms : 1.
4:21 of 3rd period - Riley Sheahan wins face-off versus Garrett Wilson in neutral zone.
4:42 of 3rd period - Snap shot by Zack Stortini.
4:42 of 3rd period - Stopped by Eddie Pasquale with a rebound.
4:52 of 3rd period - Off-side.
4:53 of 3rd period - Rickard Rakell wins face-off versus Chris Langkow in neutral zone.
4:58 of 3rd period - Snap shot by Chris Langkow.
4:58 of 3rd period - Stopped by Eddie Pasquale without a rebound.
4:59 of 3rd period - Rickard Rakell wins face-off versus Chris Langkow in Heat zone.
5:52 of 3rd period - Keegan Lowe is hit by Richard Panik and loses puck.
6:07 of 3rd period - Jon Merrill is hit by Keegan Lowe and loses puck.
7:01 of 3rd period - Greg Zanon is hit by Sergei Gonchar and loses puck.
7:08 of 3rd period - Michael Latta is hit by Josh Lunden and loses puck.
9:01 of 3rd period - Slapshot by Stuart Percy.
9:01 of 3rd period - Shot Misses the Net.
9:13 of 3rd period - Snap shot by Tomas Fleischmann.
9:13 of 3rd period - Stopped by Marek Mazanec with a rebound.
9:15 of 3rd period - Snap shot by Sven Baertschi.
9:15 of 3rd period - Stopped by Marek Mazanec with a rebound.
9:17 of 3rd period - Slapshot by Tim Erixon.
9:17 of 3rd period - Stopped by Marek Mazanec with a rebound.
9:41 of 3rd period - Chris Langkow is hit by Tim Erixon and loses puck.
9:48 of 3rd period - Snap shot by Martin Gernat.
9:48 of 3rd period - Shot Blocked by Frank Corrado.
9:58 of 3rd period - Josh Lunden is hit by Richard Panik and loses puck.
10:24 of 3rd period - Victor Rask is hit by Josh Lunden and loses puck.
10:47 of 3rd period - Denver Manderson is hit by Rickard Rakell and loses puck.
11:10 of 3rd period - Snap shot by Riley Sheahan.
11:10 of 3rd period - Deflect By Martin Gernat.
11:10 of 3rd period - Shot Blocked by Martin Gernat.
11:10 of 3rd period - Puck is out of play.
11:11 of 3rd period - Mark Van Guilder wins face-off versus Riley Sheahan in Phantoms zone.
12:06 of 3rd period - Slapshot by Garnet Exelby.
12:06 of 3rd period - Shot Misses the Net.
12:36 of 3rd period - Icing by Stuart Percy.
12:37 of 3rd period - Chris Langkow wins face-off versus Rickard Rakell in Heat zone.
13:14 of 3rd period - Snap shot by Chris Langkow.
13:14 of 3rd period - Shot Misses the Net.
15:37 of 3rd period - Josh Lunden is hit by Sami Vatanen.
15:41 of 3rd period - Wrist shot by Riley Sheahan.
15:41 of 3rd period - Stopped by Marek Mazanec with a rebound.
15:53 of 3rd period - Jon Merrill is hit by Harri Pesonen and loses puck.
16:18 of 3rd period - Slapshot by Garrett Wilson.
16:18 of 3rd period - Shot Misses the Net.
16:20 of 3rd period - Snap shot by Garrett Wilson.
16:20 of 3rd period - Stopped by Eddie Pasquale without a rebound.
16:21 of 3rd period - Harri Pesonen wins face-off versus Michael Latta in Heat zone.
16:40 of 3rd period - Jonathan Hazen is hit by Sergei Gonchar.
16:44 of 3rd period - Snap shot by Jerome Gauthier-Leduc.
16:44 of 3rd period - Deflect By Denver Manderson.
16:44 of 3rd period - Stopped by Eddie Pasquale with a rebound.
17:12 of 3rd period - Jordan Caron is hit by Martin Gernat and loses puck.
17:42 of 3rd period - Slapshot by Frank Corrado.
17:42 of 3rd period - Stopped by Marek Mazanec without a rebound.
17:43 of 3rd period - Riley Sheahan wins face-off versus Harri Pesonen in Phantoms zone.
18:45 of 3rd period - Mark Van Guilder is hit by Tomas Fleischmann and loses puck.
19:39 of 3rd period - Phantoms, Marek Mazanec is pulled from the net.
19:45 of 3rd period - Snap shot by Denver Manderson.
19:45 of 3rd period - Shot Blocked by Jon Merrill.
Goals for this period are 0 for Heat vs 1 for Phantoms.
Shots for this period are 6 for Heat vs 10 for Phantoms.


Output by the SimonT Hockey Simulator (STHS) for Eric Dolegowski -- Original Page W3C XHTML 1.0 Valid
Hockey Simulator - Hockey Simulation - Hockey Manager